 Dungeon Crawl Stone Soup version 0.21-a0-401-g0b6bec4 (webtiles) character file.

124362 Kavrick the Brawler (level 16, -1/96 HPs)
             Began as a Vine Stalker Fighter on Oct 21, 2017.
             Was the Champion of Jiyva.
             Killed from afar by a shock serpent (2 damage)
             ... with a bolt of electricity
             ... on level 2 of the Snake Pit.
             The game lasted 01:44:59 (30392 turns).

Kavrick the Brawler (Vine Stalker Fighter)         Turns: 30392, Time: 01:45:00

Health: -1/96      AC: 30    Str: 30    XL:     16   Next: 93%
Magic:  0/17       EV: 15    Int:  8    God:    Jiyva [******]
Gold:   826        SH: 13    Dex: 13    Spells: 15/15 levels left

rFire    + + .     SeeInvis +     - Unarmed
rCold    + + .     Gourm    .   b - +0 shield
rNeg     . . .     Faith    +   g - +9 storm dragon scales "Tautem" {rElec rPois Int+3}
rPois    +         Spirit   +   f - +2 hat {MR+}
rElec    +         Reflect  .   q - scarf {rC+ rF+}
rCorr    +         Harm     .   (no gloves)
MR       ++++.     Clarity  +   (no boots)
Stlth    ..........             l - amulet of faith
HPRegen  1.06/turn              M - ring "Eni Hoa" {rCorr rF+ rC+ Dex-5 SInv}
MPRegen  0.15/turn              A - +4 ring of protection

@: mighty, lethally poisoned (-1 -> -1)
A: claws 1, fangs 3, hooves 1, blink, clarity, magic resistance 1, poison
resistance, regeneration 2, robust 1, electricity resistance, eyeballs 1,
gelatinous body 1, translucent skin 1, jelly absorbing missiles, magic shield,
antimagic bite, no potion heal 3, rot immunity
a: Blink, Request Jelly, Slimify, Cure Bad Mutation, Renounce Religion


You were on level 2 of the Snake Pit.
You worshipped Jiyva.
Jiyva was exalted by your worship.
You were completely stuffed.

You visited 6 branches of the dungeon, and saw 29 of its levels.
You visited 1 bazaar.
You also visited: Labyrinth.

You collected 1766 gold pieces.
You spent 940 gold pieces at shops.

Inventory:

Armour
 b - a +0 shield (worn)
 f - a +2 hat of magic resistance (worn)
 g - the +9 storm dragon scales "Tautem" (worn) {rElec rPois Int+3}
   (You acquired it on level 1 of the Lair of Beasts)

   It affects your intelligence (+3).
   It insulates you from electricity.
   It protects you from poison.
 q - a scarf of resistance (worn)
Jewellery
 l - an amulet of faith (around neck)
 n - an uncursed ring of magical power
 A - a +4 ring of protection (right claw)
 G - a +5 ring of strength
 M - the ring "Eni Hoa" (left claw) {rCorr rF+ rC+ Dex-5 SInv}
   (You acquired it on level 6 of the Lair of Beasts)

   [ring of resist corrosion]

   It affects your dexterity (-5).
   It protects you from fire.
   It protects you from cold.
   It lets you see invisible.
 T - the ring "Dalishig" {Wiz rF+ SInv}
   (You found it in a labyrinth)

   [ring of wizardry]

   It improves your spell success rate.
   It protects you from fire.
   It lets you see invisible.
Wands
 r - a wand of clouds (2/9)
 y - a wand of digging (17/24)
 O - a wand of digging (5/24)
Scrolls
 e - a scroll of holy word {unknown}
 h - 2 scrolls of recharging
 j - 4 scrolls of teleportation
 t - 3 scrolls of identify
 v - 2 scrolls of remove curse
 D - 2 scrolls of blinking
 K - a scroll of amnesia
 R - a scroll of magic mapping
 V - 5 scrolls of enchant armour
Potions
 a - 2 potions of cancellation
 c - 4 potions of invisibility
 m - a potion of ambrosia
 o - a potion of agility
 w - 2 potions of might
 F - 2 potions of flight
 I - 8 potions of curing
 J - 2 potions of berserk rage
 P - a potion of resistance {unknown}
 S - a potion of brilliance {unknown}
 Z - a potion of magic {unknown}
Books
 N - a book of Power

   Spells                             Type                      Level
   a - Iskenderun's Battlesphere      Conjuration/Charms           5
   b - Venom Bolt                     Conjuration/Poison           5
   c - Bolt of Magma                  Conjuration/Fire/Earth       5
   d - Iron Shot                      Conjuration/Earth            6
   e - Orb of Destruction             Conjuration                  7
   f - Spellforged Servitor           Conjuration/Summoning        7
 U - a book of Misfortune

   Spells                             Type                      Level
   a - Confusing Touch                Hexes                        1
   b - Confuse                        Hexes                        3
   c - Gell's Gravitas                Translocation                3
   d - Petrify                        Transmutation/Earth          4
   e - Metabolic Englaciation         Hexes/Ice                    5
   f - Yara's Violent Unravelling     Hexes/Transmutation          5
Comestibles
 d - 9 bread rations
 i - 11 royal jellies
 k - 5 meat rations
 p - 8 fruits


   Skills:
 + Level 11.7 Fighting
 + Level 10.7 Armour
 + Level 10.4 Dodging
 + Level 11.7 Shields
 * Level 16.8 Unarmed Combat


You had 15 spell levels left.
You didn't know any spells.

Dungeon Overview and Level Annotations

Branches:
Dungeon (12/15)            Temple (1/1) D:4            Lair (6/6) D:10
 Shoals (0/4) Lair:4        Snake (3/4) Lair:2        Slime (5/5) Lair:5
    Orc (2/2) D:10            Elf (0/3) Orc:2

Altars:
Ashenzari
Cheibriados
Dithmenos
Elyvilon
Fedhas
Gozag
Hepliaklqana
Kikubaaqudgha
Makhleb
Nemelex Xobeh
Okawaru
Qazlal
Ru
Sif Muna
Trog
Uskayaw
Vehumet
Wu Jian
Xom
Yredelemnul
Zin
The Shining One
Beogh
Jiyva

Shops:
D:6 (   D:11 =   D:12 ?   Orc:2 %*}[%   Snake:1 }==   Snake:2 !(!*

Annotations:
D:7 2 transporters
D:8 exclusion: oklob plant
D:9 3 runed doors
Lair:1 exclusion: oklob plant
Lair:6 1 runed door
Snake:3 Saint Roka
Slime:5 Royal Jelly


Innate Abilities, Weirdness & Mutations

You have razor-sharp teeth.
You heal very quickly.
When hurt, damage is shared between your health and your magic reserves.
Your bite disrupts and absorbs the magic of your enemies.
Potions cannot restore your health.
You are immune to rotting.
You have sharp fingernails.
You have large cloven feet.
You can translocate small distances at will.
You possess an exceptional clarity of mind.
You are resistant to hostile enchantments. (MR+)
Your system is resistant to poisons. (rPois)
You are robust. (+10% HP)
You are resistant to electric shocks. (rElec)
Your body has grown golden eyes which may confuse attackers. (Acc +3)
Your rubbery body absorbs attacks. (AC +1, EV +1)
Your translucent skin slightly reduces your foes' accuracy. (Stealth)
You have a small jelly attached to you that may absorb incoming projectiles.


Message History

* * * LOW HITPOINT WARNING * * *
You are poisoned.
You block the orc warrior's attack. The shock serpent closely misses you.
You climb upwards.
* * * LOW HITPOINT WARNING * * *
You feel very sick.
There is a stone staircase leading down here.
Okay, then.
You feel very mighty all of a sudden.
You feel sick. You block the ball python's attack. x2
The shock serpent bites you but does no damage.
The orc warrior misses you.
The eyeballs on your body gaze at the orc warrior.
You feel sick. You block the ball python's attack. x2
* * * LOW HITPOINT WARNING * * *
You feel sick.
You feel sick.
The shock serpent shoots out a bolt of lightning at you!
The bolt of electricity hits you! You resist.
You die...

...............'...# ##....##
.##............#.###### ##..##
.##...................## ##'#
.##....................######.#
..##....................'.....#
..###...................#####.###
...#.....J...J#....J....# #....
<......................## ##...
................@....J########...
.................................
...............S...J.............
...#.........o.S.................
...##............................
..............#..........>......#
J.....................J.#......##
###....................###....##
###.....................#......##


You could see a shock serpent, an orc warrior (confused), a ball python and 6
neutral jellies (fellow slime).

Vanquished Creatures
  Vashnia (Snake:1)
  Rupert (D:12)
  Asterion (Snake:2)
  2 acid blobs (Slime:1)
  2 azure jellies
  The ghost of theanonym the Eclecticist, an adept DrCj of Vehumet (Snake:2)
  Josephine (D:10)
  A minotaur (Lab)
  4 naga warriors
  3 catoblepae
  9 hydras
  2 death knights (D:12)
  6 anacondas
  11 two-headed ogres
  An ogre mage (Orc:1)
  An orc high priest (Orc:2)
  9 death yaks
  10 naga sharpshooters
  A shock serpent (Snake:3)
  The ghost of zkyp the Spear-Bearer, a novice CeFi (D:8)
  A salamander mystic (Snake:2)
  2 skeletal warriors
  2 deep trolls (Orc:1)
  A sea snake (Snake:2)
  3 naga ritualists (Snake:1)
  3 lindwurms (Lair:6)
  Pikel (D:4)
  An orc knight (Orc:2)
  2 phantasmal warriors (D:12)
  3 salamanders
  8 mana vipers
  2 cyclopes (Orc:1)
  3 manticores
  5 elephants
  A shining eye (Slime:1)
  Maurice (D:10)
  3 naga magi
  3 guardian serpents
  2 molten gargoyles (Lair:3)
  17 black mambas
  12 spiny frogs
  6 torpor snails (Lair:6)
  5 rime drakes
  3 komodo dragons
  A freezing wraith (D:11)
  A merfolk (D:9)
  2 polar bears (Lair:6)
  7 trolls
  3 tyrant leeches (Lair:6)
  6 hornets (Lair:6)
  39 slime creatures
  22 blink frogs
  16 dream sheep
  3 hippogriffs
  Sigmund (D:3)
  5 wraiths (D:10)
  23 yaks
  2 wyverns (D:10)
  6 basilisks
  3 golden eyes (Slime:1)
  A hungry ghost (D:7)
  The ghost of Kavrick the Insei, an amateur OpMo (D:4)
  5 wargs
  Menkaure (D:6)
  18 nagas
  14 water moccasins
  2 acid dragons (D:11)
  3 porcupines
  A slave (D:4)
  A swamp drake (D:10)
  An eye of draining (Slime:1)
  13 orc warriors
  2 phantoms
  3 sky beasts
  2 ice beasts
  3 black bears
  6 wolves (D:10)
  26 ogres
  4 centaurs
  16 crocodiles
  A big kobold (D:5)
  10 bullfrogs
  9 scorpions
  5 killer bees (D:11)
  3 wights (D:6)
  3 howler monkeys
  16 jellies
  5 lava snakes (Lair:3)
  6 crimson imps
  3 hounds
  3 quasits
  A bullfrog zombie (D:9)
  A bullfrog skeleton (D:9)
  7 orc priests
  2 centaur skeletons
  A gnoll shaman (D:9)
  2 iguanas
  14 orc wizards
  5 worker ants
  A killer bee zombie (D:7)
  A hound zombie (D:8)
  A hound skeleton (D:6)
  A worker ant zombie (D:8)
  12 adders
  4 gnolls (D:9)
  3 shadow imps
  A worker ant simulacrum (D:9)
  13 oozes (Lair:1)
  An adder zombie (D:5)
  3 worms
  2 dart slugs
  3 leopard geckos
  68 orcs
  5 giant cockroaches
  2 goblins (D:2)
  6 hobgoblins
  12 jackals
  11 kobolds
  7 quokkas
  3 ball pythons
  6 bats
  6 frilled lizards
  A leopard gecko skeleton (D:6)
  2 leopard gecko zombies
  A quokka skeleton (D:5)
  6 rats
700 creatures vanquished.

Vanquished Creatures (collateral kills)
  2 slime creatures (Slime:1)
2 creatures vanquished.

Vanquished Creatures (others)
  4 acid blobs
  A death ooze (Slime:4)
  An anaconda (Snake:2)
  An ogre mage (Orc:1)
  A glowing orange brain (Slime:5)
  A naga ritualist (Snake:2)
  A shining eye (Slime:5)
  4 black mambas (Snake:2)
  An eye of devastation (Slime:5)
  24 slime creatures
  A hungry ghost (D:12)
  A naga (Snake:2)
  A centaur (D:11)
  2 ogres
  The ghost of Charly the Sneak, a weakling SpEn (D:7)
  56 jellies
  A worker ant (D:12)
  An ooze (Orc:2)
  4 adders
  5 orcs
  20 fungi
  4 plants
136 creatures vanquished.

Grand Total: 838 creatures vanquished

Notes
Turn   | Place    | Note
-------+----------+-------------------------------------------
     0 | D:1      | Kavrick the Vine Stalker Fighter began the quest for the Orb.
     0 | D:1      | Reached XP level 1. HP: 11/11 MP: 2/2
   416 | D:1      | Reached XP level 2. HP: 16/16 MP: 3/3
  1010 | D:2      | Reached XP level 3. HP: 18/19 MP: 2/4
  1048 | D:2      | Found a faded altar of an unknown god.
  1321 | D:2      | Gained mutation: Your natural rate of healing is unusually fast. [Vine Stalker growth]
  1321 | D:2      | Reached XP level 4. HP: 8/24 MP: 5/5
  1457 | D:2      | Reached skill level 3 in Unarmed Combat
  1969 | D:3      | Noticed Sigmund
  2043 | D:3      | Reached skill level 1 in Dodging
  2043 | D:3      | Reached XP level 5. HP: 27/28 MP: 6/6
  2049 | D:3      | Killed Sigmund
  2049 | D:3      | Reached skill level 4 in Unarmed Combat
  2049 | D:3      | Reached XP level 6. HP: 32/32 MP: 7/7
  2458 | D:4      | Found a shadowy altar of Dithmenos.
  2721 | D:4      | Found a sparkling altar of Nemelex Xobeh.
  2721 | D:4      | Found a radiant altar of Vehumet.
  2922 | D:4      | Found a staircase to the Ecumenical Temple.
  2952 | D:4      | Noticed Kavrick's ghost (amateur OpMo)
  2996 | D:4      | Killed Kavrick's ghost
  2996 | D:4      | Reached XP level 7. HP: 36/37 MP: 8/8
  3000 | Temple   | Entered the Ecumenical Temple
  3452 | D:4      | Found a shimmering altar of Xom.
  3597 | D:5      | Entered Level 5 of the Dungeon
  3909 | D:5      | Reached skill level 5 in Unarmed Combat
  4141 | D:5      | Noticed Pikel
  4218 | D:4      | Killed Pikel
  4218 | D:4      | Reached skill level 6 in Unarmed Combat
  4218 | D:4      | Gained mutation: You have razor-sharp teeth. [Vine Stalker growth]
  4218 | D:4      | Reached XP level 8. HP: 28/42 MP: 7/9
  4778 | D:6      | Noticed Menkaure
  4785 | D:6      | Killed Menkaure
  4798 | D:6      | Reached XP level 9. HP: 37/46 MP: 7/10
  4824 | D:6      | Reached skill level 5 in Fighting
  4947 | D:6      | Reached skill level 5 in Shields
  4989 | D:6      | Found a burning altar of Makhleb.
  4990 | D:6      | Found a hide-covered altar of Uskayaw.
  5104 | D:6      | Reached skill level 7 in Unarmed Combat
  5449 | D:6      | Found Nipsueka's Weapon Shop.
  5501 | D:7      | Killed Charly's ghost
  5855 | D:7      | Reached skill level 5 in Armour
  5865 | D:7      | Found a transporter.
  6116 | D:7      | Found a transporter.
  6152 | D:8      | Reached skill level 8 in Unarmed Combat
  6228 | D:8      | Noticed zkyp's ghost (novice CeFi)
  6620 | D:8      | Reached XP level 10. HP: 51/53 MP: 11/11
  7112 | D:8      | Found a blossoming altar of Fedhas.
  7165 | D:8      | Killed zkyp's ghost
  7251 | D:8      | Noticed an oklob plant
  7367 | D:8      | Reached skill level 9 in Unarmed Combat
  7448 | D:8      | Reached skill level 5 in Dodging
  7485 | D:9      | Noticed a two-headed ogre
  7582 | D:8      | Killed a two-headed ogre
  7654 | D:9      | Found a runed door.
  7867 | D:9      | Noticed a skeletal warrior
  8274 | D:8      | Killed a skeletal warrior
  8274 | D:8      | Reached XP level 11. HP: 35/58 MP: 12/12
  8364 | D:9      | Reached skill level 10 in Unarmed Combat
  8385 | D:9      | Found a runed door.
  8385 | D:9      | Noticed a manticore
  8385 | D:9      | Noticed a centaur warrior
  8386 | D:9      | Found a runed door.
  8386 | D:9      | Noticed a cyan ugly thing
  8472 | D:9      | Noticed a two-headed ogre
  8491 | D:9      | Killed a two-headed ogre
  8857 | D:10     | Entered Level 10 of the Dungeon
  8888 | D:10     | Noticed a two-headed ogre
  8898 | D:10     | Killed a two-headed ogre
  8992 | D:10     | Noticed a five-headed hydra
  9200 | D:10     | Killed a five-headed hydra
  9704 | D:10     | Found a staircase to the Orcish Mines.
  9780 | D:10     | Noticed Maurice
  9800 | D:10     | Killed Maurice
 10028 | D:10     | Reached skill level 11 in Unarmed Combat
 10083 | D:10     | Found a staircase to the Lair.
 10177 | D:10     | Noticed Josephine
 10212 | D:10     | Killed Josephine
 10212 | D:10     | Gained mutation: You heal very quickly. [Vine Stalker growth]
 10212 | D:10     | Reached XP level 12. HP: 50/64 MP: 13/13
 10361 | Lair:1   | Entered Level 1 of the Lair of Beasts
 10612 | Lair:1   | Identified a scroll of acquirement
 10613 | Lair:1   | Got faintly humming storm dragon scales
 10634 | D:10     | Identified the +9 storm dragon scales "Tautem" {rElec rPois Int+3} (You acquired it on level 1 of the Lair of Beasts)
 10910 | Lair:1   | Noticed a seven-headed hydra
 10923 | Lair:1   | Killed a seven-headed hydra
 11420 | Lair:1   | You fall through a shaft!
 11420 | Lair:2   | Noticed a five-headed hydra
 11429 | Lair:2   | Killed a five-headed hydra
 11725 | Lair:2   | Found a staircase to the Snake Pit.
 12634 | Lair:3   | Found a labyrinth entrance.
 12652 | Lab      | Entered a labyrinth
 14914 | Lab      | Noticed a minotaur
 14927 | Lab      | Killed a minotaur
 14927 | Lab      | Reached skill level 12 in Unarmed Combat
 14937 | Lab      | Got a faintly glowing lead ring
 15029 | Lair:3   | Noticed a death yak
 15029 | Lair:3   | Noticed a death yak
 15029 | Lair:3   | Noticed a death yak
 15029 | Lair:3   | Noticed a death yak
 15029 | Lair:3   | Noticed a death yak
 15030 | Lair:3   | Noticed a death yak
 15039 | Lair:3   | Killed a death yak
 15058 | Lair:3   | Killed a death yak
 15063 | Lair:3   | Killed a death yak
 15080 | Lair:3   | Killed a death yak
 15091 | Lair:3   | Killed a death yak
 15091 | Lair:3   | Reached XP level 13. HP: 66/69 MP: 14/14
 15820 | Lair:3   | Identified the ring "Dalishig" {Wiz rF+ SInv} (You found it in a labyrinth)
 16092 | Lair:4   | Found a staircase to the Shoals.
 16668 | Lair:4   | Reached skill level 13 in Unarmed Combat
 17976 | Lair:5   | Found a staircase to the Slime Pits.
 18359 | Slime:1  | Entered Level 1 of the Pits of Slime
 18359 | Slime:1  | Noticed an azure jelly
 18381 | Lair:6   | Entered Level 6 of the Lair of Beasts
 18802 | Lair:6   | Reached XP level 14. HP: 74/75 MP: 15/15
 18964 | Lair:6   | Found a runed door.
 19244 | Lair:6   | Paralysed by a hornet for 3 turns
 19250 | Lair:6   | Reached skill level 14 in Unarmed Combat
 19773 | Lair:6   | Reached skill level 10 in Shields
 19784 | Lair:6   | Reached skill level 10 in Fighting
 20427 | Lair:6   | Got a brightly glowing amber ring
 20428 | Lair:6   | Identified the ring "Eni Hoa" {rCorr rF+ rC+ Dex-5 SInv} (You acquired it on level 6 of the Lair of Beasts)
 20586 | Lair:5   | Killed an azure jelly
 20715 | Slime:1  | Noticed an acid blob
 20732 | Slime:1  | Killed an acid blob
 20882 | Slime:1  | Reached XP level 15. HP: 81/81 MP: 16/16
 20922 | Slime:1  | Noticed an acid blob
 20941 | Slime:1  | Killed an acid blob
 21076 | Slime:1  | Gained mutation: You have large cloven feet. [a shining eye]
 21077 | Slime:1  | Gained mutation: Your magical capacity is low. (-10% MP) [a shining eye]
 21172 | Slime:1  | Noticed an azure jelly
 21181 | Slime:1  | Killed an azure jelly
 21188 | Slime:1  | Reached skill level 15 in Unarmed Combat
 21765 | Slime:2  | Found a viscous altar of Jiyva.
 21772 | Slime:2  | Became a worshipper of Jiyva Jotremn the Shapeless
 21808 | Slime:2  | Noticed an acid blob
 22545 | D:10     | Got a bloodstained rapier
 22697 | Slime:3  | Noticed an acid blob
 22718 | Slime:3  | Reached * piety under Jiyva
 22719 | Slime:3  | Killed an acid blob
 22826 | Slime:5  | Entered Level 5 of the Pits of Slime
 22826 | Slime:5  | Noticed an azure jelly
 22851 | Slime:5  | Noticed an acid blob
 22852 | Slime:5  | Killed an acid blob
 22858 | Slime:5  | Noticed an acid blob
 22868 | Slime:5  | Found a viscous altar of Jiyva.
 22868 | Slime:5  | Noticed the Royal Jelly
 22880 | Slime:5  | Noticed an acid blob
 22910 | Slime:5  | Noticed an acid blob
 22910 | Slime:5  | Reached ** piety under Jiyva
 22914 | Slime:5  | Killed an acid blob
 22924 | Slime:5  | Killed an acid blob
 23691 | D:11     | Found Owna's Jewellery Boutique.
 23694 | D:11     | Reached *** piety under Jiyva
 23707 | D:11     | Bought an uncursed amulet of faith for 600 gold pieces
 23963 | D:11     | Gained mutation: You are agile. (Dex +2) [Jiyva's grace]
 24139 | D:12     | Reached **** piety under Jiyva
 24317 | D:12     | Found Juapan's Magic Scroll Shop.
 24591 | D:12     | Noticed Rupert
 24592 | D:12     | Paralysed by Rupert for 7 turns
 24610 | D:12     | HP: 3/81 [Rupert/great mace of protection (28)]
 24615 | D:12     | Gained mutation: You possess an exceptional clarity of mind. [Jiyva's grace]
 24650 | D:12     | Killed Rupert
 24681 | D:12     | Gained mutation: Your mind is acute. (Int +2) [Jiyva's grace]
 24766 | D:12     | Reached ***** piety under Jiyva
 24989 | Orc:1    | Entered Level 1 of the Orcish Mines
 25163 | Orc:1    | Lost mutation: Your mind is acute. (Int +2) [Jiyva's grace]
 25230 | Orc:2    | Entered Level 2 of the Orcish Mines
 25332 | Orc:2    | Reached ****** piety under Jiyva
 25338 | Orc:2    | Gained mutation: You have hoof-like feet. [Jiyva's grace]
 25446 | Orc:1    | Gained mutation: You have a somewhat thin skeletal structure. (Dex +2, Stealth) [Jiyva's grace]
 25467 | Orc:1    | Lost mutation: Your magical capacity is low. (-10% MP) [Jiyva's power]
 25470 | Orc:1    | Lost mutation: You possess an exceptional clarity of mind. [potion of mutation]
 25470 | Orc:1    | Lost mutation: You are agile. (Dex +2) [potion of mutation]
 25470 | Orc:1    | Lost mutation: You have hoof-like feet. [potion of mutation]
 25470 | Orc:1    | Gained mutation: You are frail. (-10% HP) [potion of mutation]
 25470 | Orc:1    | Gained mutation: You are resistant to electric shocks. (rElec) [potion of mutation]
 25470 | Orc:1    | Gained mutation: You are somewhat resistant to further mutation. [potion of mutation]
 25471 | Orc:1    | Lost mutation: You are somewhat resistant to further mutation. [potion of mutation]
 25471 | Orc:1    | Lost mutation: You are frail. (-10% HP) [potion of mutation]
 25471 | Orc:1    | Gained mutation: You have sharp fingernails. [potion of mutation]
 25503 | Orc:1    | Reached skill level 10 in Armour
 25615 | Orc:2    | Gained mutation: You are weak. (Str -2) [Jiyva's grace]
 25623 | Orc:2    | Found Icill's Food Emporium.
 25627 | Orc:2    | Found Veuxtuf's Gadget Boutique.
 25629 | Orc:2    | Found Ysext's General Store.
 25629 | Orc:2    | Found Tejym's Antique Armour Shop.
 25712 | Orc:2    | Gained mutation: You are surrounded by a mild repulsion field. (EV +2) [Jiyva's grace]
 25829 | Orc:2    | Gained mutation: You have a small jelly attached to you that may absorb incoming projectiles. [Jiyva's grace]
 25834 | Orc:2    | Found Hajijad's Food Shop.
 25970 | Orc:2    | Lost mutation: You are surrounded by a mild repulsion field. (EV +2) [Jiyva's grace]
 26045 | Orc:2    | Found a staircase to the Elven Halls.
 26227 | Orc:1    | Found a roughly hewn altar of Beogh.
 26285 | Orc:2    | Lost mutation: You are weak. (Str -2) [Jiyva's power]
 26514 | D:10     | Gained mutation: You are robust. (+10% HP) [Jiyva's grace]
 26765 | D:8      | Gained mutation: Your system is resistant to poisons. (rPois) [Jiyva's grace]
 27095 | D:7      | Gained mutation: Your body sometimes deteriorates upon taking damage. [Jiyva's grace]
 27216 | Snake:1  | Entered Level 1 of the Snake Pit
 27266 | Snake:1  | Reached XP level 16. HP: 92/95 MP: 17/17
 27445 | Snake:1  | Reached skill level 16 in Unarmed Combat
 27845 | Lair:2   | Reached skill level 10 in Dodging
 27902 | Lair:2   | Gained mutation: Your rubbery body absorbs attacks. (AC +1, EV +1) [Jiyva's grace]
 28039 | Snake:1  | Found Coerinti's Jewellery Emporium.
 28040 | Snake:1  | Found Wioce's Gadget Shop.
 28041 | Snake:1  | Found Wiwnatob's Jewellery Emporium.
 28176 | Snake:1  | Gained mutation: You can translocate small distances at will. [Jiyva's grace]
 28414 | Snake:1  | Lost mutation: Your body sometimes deteriorates upon taking damage. [Jiyva's power]
 28455 | Snake:2  | Noticed theanonym's ghost (adept DrCj)
 28671 | Snake:2  | Killed theanonym's ghost
 28798 | Snake:2  | Gained mutation: Your body has grown golden eyes which may confuse attackers. (Acc +3) [Jiyva's grace]
 28851 | Snake:2  | Noticed Aizul
 28867 | Snake:2  | Slimified Aizul
 28867 | Snake:2  | Noticed Aizul
 28867 | Snake:2  | Aizul changed into Aizul the acid blob
 28921 | Snake:2  | Noticed Asterion
 28925 | Snake:2  | Lost mutation: You have a somewhat thin skeletal structure. (Dex +2, Stealth) [Jiyva's grace]
 28940 | Snake:2  | Killed Asterion
 28970 | Snake:2  | Found Oshruuxos's Distillery.
 28970 | Snake:2  | Found Zica's Weapon Shoppe.
 28971 | Snake:2  | Noticed Vashnia
 28971 | Snake:2  | Found Jifeneiff's Assorted Antiques.
 28973 | Snake:2  | Found Cefitoi's Distillery.
 29027 | Snake:1  | Killed Vashnia
 29032 | Snake:1  | Gained mutation: You are resistant to hostile enchantments. (MR+) [Jiyva's grace]
 29326 | Snake:2  | Noticed an acid blob
 29326 | Snake:2  | a salamander changed into an acid blob
 29335 | Snake:2  | Gained mutation: You possess an exceptional clarity of mind. [Jiyva's grace]
 29915 | Snake:3  | Found a gateway to a bazaar.
 29931 | Bazaar   | Entered a bazaar
 29931 | Bazaar   | Found Fyakol's Distillery.
 29931 | Bazaar   | Found Joij's Antique Weapon Shop.
 29931 | Bazaar   | Found Nidirhas's Assorted Antiques.
 29933 | Bazaar   | Found Hionix's Magic Scroll Shoppe.
 29933 | Bazaar   | Found Waquvakk's Antique Armour Boutique.
 29956 | Bazaar   | Bought a scroll of enchant armour for 90 gold pieces
 29956 | Bazaar   | Bought a scroll of enchant armour for 90 gold pieces
 29967 | Bazaar   | Bought 2 potions of might for 80 gold pieces
 29967 | Bazaar   | Bought a potion of invisibility for 80 gold pieces
 30095 | Snake:3  | Gained mutation: Your translucent skin slightly reduces your foes' accuracy. (Stealth) [Jiyva's grace]
 30296 | Snake:3  | Noticed Saint Roka
 30304 | Snake:2  | Gained mutation: You have a pair of small horns on your head. [Jiyva's grace]
 30364 | Snake:2  | Lost mutation: You have a pair of small horns on your head. [Jiyva's grace]
 30387 | Snake:3  | HP: 4/96 [Saint Roka/halberd of venom (7)]
 30391 | Snake:2  | HP: 1/96 [poisoned by Saint Roka]
 30392 | Snake:2  | Killed from afar by a shock serpent

Vault maps used:
D:1:      elethiomel_arrival_shortcut, hex_large
D:2:      first_bread, chequers_ecumenical_altar_island
D:3:      st_stairs_4, kennysheep_generic_room_8, uniq_sigmund
D:4:      lemuel_coloured_pillars_altar,
          chequers_temple_overflow_statue_of_worship,
          minmay_temple_entry_statues, nicolae_dithmenos_shadow_blocks
D:5:      wad_lake_hut, kennysheep_generic_room_4, uniq_pikel
D:6:      gammafunk_temple_overflow_pools, serial_shops, kennysheep_little_box,
          uniq_menkaure
D:7:      gammafunk_cloud_chamber
D:8:      tgw_fedhas
D:9:      minmay_the_grid_four_pointed_star, hangedman_fish_farm,
          minmay_splitting_lines
D:10:     erik_lair_dragon, uniq_josephine, uniq_maurice
D:11:     serial_glass, glass_columns_c, glass_columns_c, serial_shops,
          nicolae_shop_temple_entry_statues_fountains
D:12:     serial_shops, nicolae_shop_crystal, st_stairs_9, uniq_rupert
Temple:   eino_temple_rhombus
Lair:1:   lemuel_slime
Lair:2:   minmay_snake_entry_spellcaster
Lair:3:   cheibrodos_magma_flow, lab_entry_generic,
          portal_ice_cave_entry_pillars_2, grunt_megastairs_5
Lair:4:   elwin_shoals_entry_rocks
Lair:5:   minmay_slime_entry_pillars
Lair:6:   wormcave, hangedman_lair_in_review
Snake:1:  nrook_guardian_serpent_ordinary, minmay_shop_grove
Snake:2:  minmay_shoptagon, uniq_asterion, uniq_vashnia, uniq_aizul
Snake:3:  serial_shops, bzr_in_the_mist, basic_altar, st_stairs_10,
          nicolae_snake_springs, uniq_saint_roka
Slime:1:  nicolae_slime_barrier
Slime:2:  basic_altar, cheibrodos_slime_lost_civilization_7, uniq_dissolution
Orc:1:    mines1_david
Orc:2:    st_orc_open, serial_shops, shop_statue
Lab:      nicolae_lab_do_over
Bazaar:   bazaar_minmay_generic_island

Skill      XL: |  1  2  3  4  5  6  7  8  9 10 11 12 13 14 15 16 |
---------------+-------------------------------------------------+-----
Shields        | 3 4 5 6 7 8 9 10 11 | 11.7
Fighting       | 3 4 5 6 7 8 9 10 11 | 11.7
Unarmed Combat | 3 4 6 8 9 11 12 13 14 15 16 | 16.8
Dodging        | 1 2 3 4 5 6 7 8 9 10 | 10.4
Armour         | 3 4 5 6 7 8 9 10 | 10.7

Action                   |  1- 3 |  4- 6 |  7- 9 | 10-12 | 13-15 | 16-18 || total
-------------------------+-------+-------+-------+-------+-------+-------++-------
Melee: Unarmed           |   140 |   181 |   441 |   847 |  1398 |   473 ||  3480
       Bite              |    45 |    58 |   156 |   329 |   573 |   197 ||  1358
       Kick              |       |       |       |       |       |    40 ||    40
       Headbutt          |       |       |       |       |       |     5 ||     5
Invok: Request Jelly     |       |       |       |       |     7 |     1 ||     8
       Cure Bad Mutation |       |       |       |       |     3 |     1 ||     4
       Slimify           |       |       |       |       |     2 |     4 ||     6
 Abil: Blink             |       |       |       |       |       |     1 ||     1
  Use: Potion            |       |     1 |       |     2 |     3 |     2 ||     8
       Scroll            |       |       |     6 |    20 |     9 |     1 ||    36
 Stab: Distracted        |       |       |       |       |     1 |       ||     1
       Confused          |       |       |       |       |       |     3 ||     3
  Eat: Chunk             |     1 |     6 |    15 |    15 |    12 |       ||    49
       Bread ration      |       |       |       |     2 |     3 |       ||     5
       Meat ration       |       |       |       |     1 |       |       ||     1
Armor: Scale mail        |    59 |    60 |   110 |    23 |       |       ||   252
       Chain mail        |       |       |       |   322 |       |       ||   322
       Storm dragon scal |       |       |       |    98 |   752 |   278 ||  1128
Dodge: Dodged            |    47 |    34 |   123 |   318 |   632 |   271 ||  1425
Block: Shield            |    58 |    64 |   155 |   489 |   831 |   353 ||  1950

Table legend:
 A = Spawn XP
 B = Non-spawn XP
 C = Spawn XP percentage of total XP
 D = Spawn monster count
 E = Non-spawn monster count
 F = Spawn count percentage of total count
 G = Total turns spent on level
                    A         B        C        D         E        F      G
               +---------+---------+-------+---------+---------+-------+---------
         Total |       0 |  177660 |   0.0 |       0 |     706 |   0.0 | 30392
               +---------+---------+-------+---------+---------+-------+---------
           D:1 |       0 |      31 |   0.0 |       0 |      18 |   0.0 |   989
           D:2 |       0 |      65 |   0.0 |       0 |      21 |   0.0 |   663
           D:3 |       0 |     364 |   0.0 |       0 |      21 |   0.0 |   896
           D:4 |       0 |     954 |   0.0 |       0 |      14 |   0.0 |  1103
           D:5 |       0 |     730 |   0.0 |       0 |      24 |   0.0 |  1111
           D:6 |       0 |     977 |   0.0 |       0 |      20 |   0.0 |   741
           D:7 |       0 |     915 |   0.0 |       0 |      22 |   0.0 |   905
           D:8 |       0 |    4840 |   0.0 |       0 |      43 |   0.0 |  2070
           D:9 |       0 |    2340 |   0.0 |       0 |      30 |   0.0 |  1110
          D:10 |       0 |    8802 |   0.0 |       0 |      48 |   0.0 |  2067
          D:11 |       0 |    3350 |   0.0 |       0 |      19 |   0.0 |  1062
          D:12 |       0 |    7219 |   0.0 |       0 |      23 |   0.0 |   730
        Lair:1 |       0 |    3148 |   0.0 |       0 |      28 |   0.0 |  1002
        Lair:2 |       0 |    5706 |   0.0 |       0 |      14 |   0.0 |  1133
        Lair:3 |       0 |    7623 |   0.0 |       0 |      17 |   0.0 |  1262
        Lair:4 |       0 |    9066 |   0.0 |       0 |      31 |   0.0 |  1363
        Lair:5 |       0 |    9712 |   0.0 |       0 |      27 |   0.0 |  1526
        Lair:6 |       0 |   27981 |   0.0 |       0 |      76 |   0.0 |  1978
       Snake:1 |       0 |   21030 |   0.0 |       0 |      36 |   0.0 |  1498
       Snake:2 |       0 |   15993 |   0.0 |       0 |      29 |   0.0 |  1212
       Snake:3 |       0 |   10111 |   0.0 |       0 |      22 |   0.0 |   355
       Slime:1 |       0 |   14884 |   0.0 |       0 |      36 |   0.0 |  1042
       Slime:2 |       0 |    1590 |   0.0 |       0 |       6 |   0.0 |   314
         Orc:1 |       0 |   11499 |   0.0 |       0 |      44 |   0.0 |   850
         Orc:2 |       0 |    7625 |   0.0 |       0 |      36 |   0.0 |   664
           Lab |       0 |    1105 |   0.0 |       0 |       1 |   0.0 |  2288
               +---------+---------+-------+---------+---------+-------+---------
